AoeStats
← CNZS_98T

Arabian Desert

510056232Analyzed
1v1 RM · 3d ago on Sep 29, 2026· 48m 43s· 2 players
Game mode
Random Map
Map size
Tiny (2 player)
Population
200
Speed
Normal
Resources
Standard
Victory
Conquest
Starting age
Dark Age
Ending age
Imperial Age
RankedLock teamsTeams togetherTeam positionsShared explorationLock speedFull tech treeHidden civsTurbo modeCheats
Victory
Defeat
🇻🇳 Wu · Vietnam
2672
+17
🇳🇱 Huns · Netherlands
2691
-17
Thành Cổ Quảng Trị
6:37 Loom
8:48 Feudal Age
8:53 Man-at-Arms
9:19 Double-Bit Axe
15:57 Fletching
15:52 Horse Collar
18:34 Wheelbarrow
22:17 Castle Age
20:34 Gold Mining
22:19 Crossbowman
23:13 Bow Saw
22:59 Bodkin Arrow
23:55 Padded Archer Armor
24:47 Scale Barding Armor
28:12 Bloodlines
30:05 Husbandry
31:48 Ballistics
34:06 Hand Cart
33:51 Town Watch
35:35 Heavy Plow
36:13 Stone Mining
42:38 Imperial Age
40:13 Pikeman
41:30 Leather Archer Armor
43:23 Bracer
44:24 Chemistry
44:21 Conscription
44:30 Elite Fire Archer
45:49 Squires
46:21 Sitting Tiger
46:40 Scale Mail Armor
46:51 Forging
47:47 Masonry
47:24 Halberdier
CNZS_98T
9:14 Feudal Age
10:40 Loom
11:24 Double-Bit Axe
15:23 Horse Collar
18:17 Fletching
19:20 Padded Archer Armor
24:22 Castle Age
25:36 Wheelbarrow
24:25 Elite Skirmisher
25:00 Bodkin Arrow
28:28 Ballistics
28:20 Husbandry
29:09 Bloodlines
34:14 Leather Archer Armor
35:11 Town Watch
40:19 Bow Saw
44:27 Marauders
44:41 Scale Barding Armor
45:56 Scale Barding Armor
46:32 Forging
46:58 Chain Barding Armor
Connection lost

Rejoining the realm…

Still unreachable

The connection could not be restored.

Session expired

The server has moved on; the page needs a fresh start.